 Dungeon Crawl Stone Soup version 0.27.1-4-g1640c2035a (webtiles) character file.

Game seed: 3678694069226942176

409 zeram the Spear-Bearer (level 6, -1/44 HPs)
             Began as a Merfolk Gladiator on Nov 12, 2021.
             Was an Initiate of Gozag.
             Slain by a gnoll sergeant (13 damage)
             ... on level 5 of the Dungeon.
             The game lasted 00:06:35 (4168 turns).

zeram the Spear-Bearer (Merfolk Gladiator)          Turns: 4168, Time: 00:06:36

Health: -1/44      AC: 12    Str: 17    XL:     6   Next: 89%
Magic:  6/6        EV:  8    Int:  7    God:    Gozag
Gold:   841        SH:  4    Dex: 15    Spells: 5/5 levels left

rFire    . . .     SeeInvis .   a - +1 trident
rCold    . . .     Faith    .   k - +0 buckler
rNeg     . . .     Spirit   .   f - +0 chain mail
rPois    .         Reflect  .   c - +1 helmet
rElec    .         Harm     .   (no cloak)
rCorr    .         Rampage  .   m - +0 pair of gloves
Will     .....                  (no boots)
Stlth    ..........             (no amulet)
HPRegen  0.14/turn              (no ring)
MPRegen  0.10/turn              (no ring)

@: no status effects
A: (nimble swimmer 2), mertail
a: Renounce Religion, Potion Petition, Call Merchant, Bribe Branch


You were on level 5 of the Dungeon.
You worshipped Gozag.
Gozag was pleased with you.
You visited 2 branches of the dungeon, and saw 6 of its levels.
You also visited: Sewer.

You collected 905 gold pieces.
You paid 64 gold pieces to Gozag.

Inventory:

Hand Weapons
 a - a +1 trident (weapon)
Missiles
 d - 3 throwing nets (quivered)
Armour
 c - a +1 helmet (worn)
 f - a +0 chain mail (worn)
 h - a +0 troll leather armour {Purgy}
 k - a +0 buckler (worn)
 m - a +0 pair of gloves (worn)
Magical Staves
 e - a staff of death
Wands
 q - a wand of mindburst (11)
 v - a wand of polymorph (13)
Scrolls
 n - a scroll of fear
 o - a scroll of teleportation
 s - a scroll of identify
 u - a scroll of blinking {unknown}
 w - a scroll of brand weapon {unknown}
Potions
 b - a potion of heal wounds
 g - 3 potions of haste {unknown}
 i - 3 potions of curing {unknown}
 j - 2 potions of brilliance
 l - a potion of attraction {unknown}
 p - 2 potions of mutation
 r - 2 potions of degeneration {unknown}
 t - 2 potions of invisibility {unknown}


   Skills:
 - Level 2.1 Fighting
 + Level 8.7 Polearms
 - Level 2.0 Throwing
 + Level 2.2 Armour
 + Level 5.1 Dodging
 + Level 1.2 Shields


You had 5 spell levels left.
You didn't know any spells.
Your spell library contained the following spells:

 Spells                   Type           Power      Damage    Failure   Level
 Dazzling Flash           Conj/Hex       0%         N/A       100%        3
 Agony                    Necr           0%         N/A       100%        5
 Alistair's Intoxication  Tmut/Pois      0%         N/A       100%        5
 Borgnjor's Vile Clutch   Necr/Erth      0%         N/A       100%        5
 Silence                  Hex/Air        0%         N/A       100%        5
 Eringya's Noxious Bog    Tmut/Pois      0%         N/A       100%        6


Dungeon Overview and Level Annotations

Branches:
Dungeon (5/15)             Temple (1/1) D:4           Sewer (visited)

Altars:
Dithmenos
Elyvilon
Fedhas
Gozag
Hepliaklqana
Kikubaaqudgha
Makhleb
Okawaru
Qazlal
Ru
Trog
Uskayaw
Yredelemnul
The Shining One


Innate Abilities, Weirdness & Mutations

((You are quick and stealthy near water. (Stealth+, EV+, Speed+++)))
Your lower body shifts to a powerful aquatic tail in water.


Message History

A gnoll comes into view. It is wielding a +0 flail.
You reach to attack!
The gnoll sergeant blocks your attack. You block the gnoll sergeant's attack.
A gnoll comes into view. It is wielding a +0 halberd.
You reach to attack!
The gnoll sergeant blocks your attack. You block the gnoll sergeant's attack.
You reach to attack!
You hit the gnoll sergeant but do no damage.
The gnoll sergeant hits you from afar with a +0 trident of holy wrath.
A gnoll comes into view. It is wielding a +0 whip.
You reach to attack!
You hit the gnoll sergeant.
The gnoll sergeant is lightly wounded.
The gnoll sergeant hits you from afar with a +0 trident of holy wrath.
You reach to attack!
You hit the gnoll sergeant.
The gnoll sergeant is lightly wounded.
You block the gnoll sergeant's attack.
You reach to attack!
You hit the gnoll sergeant.
The gnoll sergeant is moderately wounded.
The gnoll sergeant hits you from afar with a +0 trident of holy wrath.
A gnoll comes into view. It is wielding a +0 spear.
You reach to attack!
The gnoll shouts!
You hit the gnoll sergeant.
The gnoll sergeant is heavily wounded.
You hear a shout!
The gnoll sergeant hits you from afar with a +0 trident of holy wrath!
An orc wizard comes into view. It is wielding a +4 dagger.
An orc priest comes into view. It is wielding a +0 short sword.
The gnoll sergeant hits you from afar with a +0 trident of holy wrath.
* * * LOW HITPOINT WARNING * * *
A lemure comes into view.
You block the gnoll sergeant's attack.
There is an open door here.
You close the door.
A gnoll sergeant opens the door.
You close the door.
A gnoll sergeant opens the door.
You close the door.
A gnoll sergeant opens the door.
You close the door.
A gnoll opens the door.
The gnoll sergeant hits you from afar with a +0 trident of holy wrath!
You die...
Your body crumbles into a pile of gold.

#..o.......
#.....##..
#...og######
#...g......+
###+#####g..#
#.......#...#
#.......#.g.#
#.......#g..##
#......@'g...#
#>......#....#
#########....#
#.....#
#.....#
#.....#
#######


You could see a gnoll sergeant and 2 gnolls.

Vanquished Creatures
  Purgy (Sewer)
  2 scorpions
  A centaur zombie (D:4)
  A hound (D:4)
  A centaur skeleton (D:4)
  A howler monkey skeleton (D:4)
  An adder (D:5)
  A worm (D:2)
  3 dart slugs (D:2)
  7 endoplasms
  13 giant cockroaches
  6 goblins
  5 hobgoblins
  2 jackals (D:3)
  6 kobolds
  4 quokkas
  3 ball pythons
  5 bats
  6 frilled lizards
  6 rats
75 creatures vanquished.

Notes
Turn   | Place    | Note
-------+----------+-------------------------------------------
     0 | D:1      | zeram the Merfolk Gladiator began the quest for the Orb.
     0 | D:1      | Reached XP level 1. HP: 16/16 MP: 1/1
   199 | D:1      | Reached XP level 2. HP: 11/22 MP: 2/2
   466 | D:1      | Reached skill level 5 in Polearms
   903 | D:1      | Found a faded altar of an unknown god.
  1110 | D:2      | Reached XP level 3. HP: 17/27 MP: 3/3
  2191 | D:3      | Reached skill level 1 in Armour
  2278 | D:3      | Reached XP level 4. HP: 33/33 MP: 4/4
  2746 | D:4      | Reached skill level 6 in Polearms
  2870 | D:4      | Noticed a scorpion
  2877 | D:4      | Killed a scorpion
  2878 | D:4      | Reached skill level 7 in Polearms
  2878 | D:4      | Reached XP level 5. HP: 33/38 MP: 5/5
  3076 | D:4      | Found a glowing golden altar of the Shining One.
  3174 | D:4      | Found a glowing drain.
  3188 | Sewer    | Entered a sewer
  3308 | Sewer    | Noticed Purgy
  3329 | Sewer    | Killed Purgy
  3330 | Sewer    | Reached skill level 8 in Polearms
  3330 | Sewer    | Reached XP level 6. HP: 44/44 MP: 6/6
  3424 | Sewer    | Identified a scroll of acquirement
  3424 | Sewer    | Acquired 747 gold pieces
  3523 | D:4      | Found a staircase to the Ecumenical Temple.
  3562 | D:4      | Reached skill level 5 in Dodging
  3562 | D:4      | Reached skill level 1 in Shields
  3943 | D:5      | Entered Level 5 of the Dungeon
  4002 | Temple   | Entered the Ecumenical Temple
  4050 | Temple   | Became a worshipper of Gozag Ym Sagoz the Greedy
  4168 | D:5      | Slain by a gnoll sergeant

Illustrated notes

Levels and vault maps discovered:
D:1:      dpeg_chamrin_arrival_tetris, layout_basic, basic_ecumenical_altar
D:2:      layout_basic
D:3:      layout_rooms, kennysheep_generic_room_11
D:4:      layout_loops_corners, tso_oasis_becter,
          minmay_temple_entry_gardened_gates, gup_sewer_entry_pipe
D:5:      layout_gridville, nicolae_wu_jian_immortal_techniques, uniq_pikel
Temple:   nicolae_temple_god_jail

Skill      XL: |  1  2  3  4  5  6 |
---------------+-------------------+-----
Polearms       | 5 7 8 |  8.7
Armour         | 1 2 |  2.2
Dodging        | 5 |  5.1
Shields        | 1 |  1.2
Fighting       | |  2.1
Throwing       | |  2.0

Action                   |  1- 3 |  4- 6 || total
-------------------------+-------+-------++-------
Melee: Trident           |   146 |   131 ||   277
       Tailslap          |       |     3 ||     3
  Use: Scroll            |     4 |     6 ||    10
       Potion            |       |     1 ||     1
 Stab: Sleeping          |     1 |       ||     1
Armor: Leather armour    |     6 |       ||     6
       Chain mail        |    54 |    48 ||   102
       Skin              |       |    35 ||    35
Dodge: Dodged            |    39 |    55 ||    94
Block: Buckler           |     3 |    33 ||    36
